TOP OF THE 1ST |
Nassau Rockets batting - Pitching for New Orleans Looters : RHP Anthony O'Connor
|
Pitching: RHP Anthony O'Connor
|
|
Batting: SHB Howard Parker
|
0-0: Foul Ball, location: 2F 0-1: Ball 1-1: Ball 2-1: Swinging Strike 2-2: Ground out 6-3 (Groundball, 6)
|
Batting: LHB Andrew Alvarado
|
0-0: Called Strike 0-1: Ball 1-1: Ball 2-1: Swinging Strike 2-2: Ball 3-2: Base on Balls
|
Batting: LHB Don Ramey
|
0-0: Ball 1-0: Foul Ball, location: 2F 1-1: Ball Andrew Alvarado is caught stealing 2nd base 2-1: Ground out 4-3 (Groundball, 4MS)
|
Top of the 1st over - 0 run(s), 0 hit(s), 0 error(s), 0 left on base; Nassau 0 - New Orleans 0 |
BOTTOM OF THE 1ST |
New Orleans Looters batting - Pitching for Nassau Rockets : LHP Luis Valentín
|
Pitching: LHP Luis Valentín
|
|
Batting: SHB Arturo Sánchez
|
0-0: Called Strike 0-1: Ball 1-1: Fly out, F5 (Popup, 5S)
|
Batting: RHB Rubén Vázquez
|
0-0: Called Strike 0-1: Ball 1-1: Ground out 5-3 (Groundball, 56)
|
Batting: LHB Seung-chun Mun
|
0-0: Called Strike 0-1: Foul Ball, location: 2F 0-2: Ball 1-2: Ball 2-2: Foul Ball, location: 2F 2-2: Ball 3-2: Foul Ball, location: 2F 3-2: Fly out, F4 (Line Drive, 4)
|
Bottom of the 1st over - 0 run(s), 0 hit(s), 0 error(s), 0 left on base; Nassau 0 - New Orleans 0 |
TOP OF THE 2ND |
Nassau Rockets batting - Pitching for New Orleans Looters : RHP Anthony O'Connor
|
Batting: LHB Wilson Allen
|
0-0: Ball 1-0: Foul Ball, location: 2F 1-1: Ball 2-1: Swinging Strike 2-2: Ball 3-2: Strikes out looking
|
Batting: RHB Kenji Kudo
|
0-0: Ball 1-0: Ball 2-0: Ball 3-0: Fly out, F9 (Flyball, 9S)
|
Batting: LHB Doug Thompson
|
0-0: Foul Ball, location: 2F 0-1: Called Strike 0-2: Ball 1-2: Foul Ball, location: 2F 1-2: Foul Ball, location: 2F 1-2: Fly out, F8 (Line Drive, 8RXD)
|
Top of the 2nd over - 0 run(s), 0 hit(s), 0 error(s), 0 left on base; Nassau 0 - New Orleans 0 |
BOTTOM OF THE 2ND |
New Orleans Looters batting - Pitching for Nassau Rockets : LHP Luis Valentín
|
Batting: SHB Oliver Deleón
|
0-0: Called Strike 0-1: Ball 1-1: Ground out 4-3 (Groundball, 4M)
|
Batting: RHB Stephen Shaw
|
0-0: Swinging Strike 0-1: Ball 1-1: Ball 2-1: Swinging Strike 2-2: Ground out 5-3 (Groundball, 56)
|
Batting: SHB Nate Rhodes
|
0-0: Ball 1-0: Bunt for hit - play at first, batter OUT! 1-3
|
Bottom of the 2nd over - 0 run(s), 0 hit(s), 0 error(s), 0 left on base; Nassau 0 - New Orleans 0 |
TOP OF THE 3RD |
Nassau Rockets batting - Pitching for New Orleans Looters : RHP Anthony O'Connor
|
Batting: RHB Salvador Borbón
|
0-0: Ball 1-0: Called Strike 1-1: Called Strike 1-2: Ball 2-2: Strikes out swinging
|
Batting: LHB Bob Martin
|
0-0: Called Strike 0-1: Ball 1-1: Called Strike 1-2: Ground out 4-3 (Groundball, 4)
|
Batting: RHB Rubén Matos
|
0-0: Called Strike 0-1: Ground out 4-3 (Groundball, 4M)
|
Top of the 3rd over - 0 run(s), 0 hit(s), 0 error(s), 0 left on base; Nassau 0 - New Orleans 0 |
BOTTOM OF THE 3RD |
New Orleans Looters batting - Pitching for Nassau Rockets : LHP Luis Valentín
|
Batting: RHB Dave O'Loan
|
0-0: Called Strike 0-1: Called Strike 0-2: Foul Ball, location: 2F 0-2: Strikes out looking
|
Batting: RHB Run-ming Zhu
|
0-0: Foul Ball, location: 2F 0-1: Ball 1-1: Ball 2-1: Foul Ball, location: 2F 2-2: Fly out, F9 (Flyball, 9S)
|
Batting: LHB Miguel Colón
|
0-0: Foul Ball, location: 2F 0-1: Called Strike 0-2: Ball 1-2: Strikes out looking
|
Bottom of the 3rd over - 0 run(s), 0 hit(s), 0 error(s), 0 left on base; Nassau 0 - New Orleans 0 |
TOP OF THE 4TH |
Nassau Rockets batting - Pitching for New Orleans Looters : RHP Anthony O'Connor
|
Batting: SHB Howard Parker
|
0-0: Swinging Strike 0-1: Foul Ball, location: 2F 0-2: Ball 1-2: Ball 2-2: Ball 3-2: Foul Ball, location: 2F 3-2: Foul Ball, location: 2F 3-2: Base on Balls
|
Batting: LHB Andrew Alvarado
|
0-0: Called Strike 0-1: Foul Ball, location: 2F 0-2: Ball 1-2: Fly out, F8 (Flyball, 8LD) Runner from 1st tags up, SAFE at 2nd
|
Batting: LHB Don Ramey
|
0-0: Ball 1-0: Foul Ball, location: 2F 1-1: SINGLE (Line Drive, 4M) Howard Parker to third
|
Batting: LHB Wilson Allen
|
0-0: Ball 1-0: Called Strike 1-1: Swinging Strike 1-2: Strikes out swinging
|
Batting: RHB Kenji Kudo
|
0-0: Ball 1-0: Ball 2-0: Ball 3-0: Called Strike 3-1: Base on Balls Don Ramey to second
|
Batting: LHB Doug Thompson
|
0-0: Called Strike 0-1: Ball 1-1: Foul Ball, location: 2F 1-2: Ball 2-2: SINGLE (Line Drive, 6MD) Howard Parker scores Don Ramey to third Kenji Kudo to second Runner from 3rd tries for Home, SAFE, no throw
|
Batting: RHB Salvador Borbón
|
0-0: Ball 1-0: Swinging Strike 1-1: Ball 2-1: Fly out, F8 (Line Drive, 89M)
|
Top of the 4th over - 2 run(s), 2 hit(s), 0 error(s), 2 left on base; Nassau 2 - New Orleans 0 |
BOTTOM OF THE 4TH |
New Orleans Looters batting - Pitching for Nassau Rockets : LHP Luis Valentín
|
Batting: SHB Arturo Sánchez
|
0-0: Ball 1-0: Ball 2-0: Foul Ball, location: 2F 2-1: Fly out, F3 (Line Drive, 3L)
|
Batting: RHB Rubén Vázquez
|
0-0: Called Strike 0-1: Ball 1-1: Swinging Strike 1-2: Ball 2-2: Foul Ball, location: 2F 2-2: Ball 3-2: Base on Balls
|
Batting: LHB Seung-chun Mun
|
0-0: Called Strike 0-1: Called Strike 0-2: SINGLE (Line Drive, 4D) Rubén Vázquez to second
|
Batting: SHB Oliver Deleón
|
0-0: Ground out 3-1 (Groundball, 34S) Rubén Vázquez to third Seung-chun Mun to second
|
Batting: RHB Stephen Shaw
|
0-0: Ball 1-0: Foul Ball, location: 2F 1-1: Swinging Strike 1-2: Fly out, F7 (Flyball, 7)
|
Bottom of the 4th over - 0 run(s), 1 hit(s), 0 error(s), 2 left on base; Nassau 2 - New Orleans 0 |
TOP OF THE 5TH |
Nassau Rockets batting - Pitching for New Orleans Looters : RHP Anthony O'Connor
|
Batting: LHB Bob Martin
|
0-0: SINGLE (Line Drive, 4MD)
|
Batting: RHB Rubén Matos
|
0-0: Called Strike 0-1: Swinging Strike 0-2: Ball 1-2: Strikes out swinging
|
Batting: SHB Howard Parker
|
Pickoff Throw to First - Error! E1 Bob Martin to second 0-0: Ball 1-0: Ball 2-0: SINGLE (Groundball, 34S) (infield hit) Bob Martin to third
|
Pitching: RHP Roy March
|
|
Batting: LHB Andrew Alvarado
|
0-0: Ball 1-0: Foul Ball, location: 2F 1-1: Ball 2-1: Ball 3-1: Base on Balls Howard Parker to second
|
Batting: LHB Don Ramey
|
0-0: Foul Ball, location: 2F 0-1: SINGLE (Groundball, 34D) Bob Martin scores Howard Parker to third Andrew Alvarado to second Runner from 3rd tries for Home, SAFE, no throw
|
Batting: LHB Wilson Allen
|
0-0: Called Strike 0-1: Foul Ball, location: 2F 0-2: Strikes out looking
|
Batting: RHB Kenji Kudo
|
0-0: Ball 1-0: Called Strike 1-1: Called Strike 1-2: SINGLE (Groundball, 6D) Andrew Alvarado to third Don Ramey to second Runner from 3rd tries for Home, SAFE, no throw
|
Batting: LHB Doug Thompson
|
0-0: Ball 1-0: SINGLE (Groundball, 56D) Don Ramey to third Kenji Kudo to second Runner from 3rd tries for Home, SAFE, no throw
|
Batting: RHB Salvador Borbón
|
0-0: Ball 1-0: Called Strike 1-1: Foul Ball, location: 2F 1-2: Ball 2-2: Foul Ball, location: 2F 2-2: Fly out, F9 (Flyball, 9LS)
|
Top of the 5th over - 4 run(s), 5 hit(s), 1 error(s), 2 left on base; Nassau 6 - New Orleans 0 |
BOTTOM OF THE 5TH |
New Orleans Looters batting - Pitching for Nassau Rockets : LHP Luis Valentín
|
Batting: SHB Nate Rhodes
|
0-0: Fly out, F7 (Flyball, 7LSF)
|
Batting: RHB Dave O'Loan
|
0-0: Swinging Strike 0-1: Ball 1-1: Ball 2-1: Ground out 6-3 (Groundball, 6)
|
Batting: RHB Run-ming Zhu
|
0-0: Ball 1-0: Ball 2-0: Ball 3-0: Called Strike 3-1: Ground out 6-3 (Groundball, 6S)
|
Bottom of the 5th over - 0 run(s), 0 hit(s), 0 error(s), 0 left on base; Nassau 6 - New Orleans 0 |
TOP OF THE 6TH |
Nassau Rockets batting - Pitching for New Orleans Looters : RHP Roy March
|
Batting: LHB Bob Martin
|
0-0: Called Strike 0-1: Fly out, F7 (Flyball, 7S)
|
Batting: RHB Rubén Matos
|
0-0: SOLO HOME RUN (Flyball, 7D), Distance : 368 ft
|
Pitching: RHP Robbie Daniel
|
|
Batting: SHB Howard Parker
|
0-0: Ball 1-0: Foul Ball, location: 2F 1-1: Foul Ball, location: 2F 1-2: Ball 2-2: Ground out U3 (Groundball, 3)
|
Batting: LHB Andrew Alvarado
|
0-0: Ball 1-0: Ball 2-0: Ball 3-0: Called Strike 3-1: Base on Balls
|
Batting: LHB Don Ramey
|
0-0: Fly out, F9 (Flyball, 89D)
|
Top of the 6th over - 1 run(s), 1 hit(s), 0 error(s), 1 left on base; Nassau 7 - New Orleans 0 |
BOTTOM OF THE 6TH |
New Orleans Looters batting - Pitching for Nassau Rockets : LHP Luis Valentín
|
Batting: LHB Miguel Colón
|
0-0: Ground out 4-3 (Groundball, 4S)
|
Batting: SHB Arturo Sánchez
|
0-0: Ball 1-0: Called Strike 1-1: Ball 2-1: Foul Ball, location: 2F 2-2: Foul Ball, location: 2F 2-2: Ball 3-2: Fly out, F8 (Flyball, 89M)
|
Batting: RHB Rubén Vázquez
|
0-0: Called Strike 0-1: Foul Ball, location: 2F 0-2: SINGLE (Groundball, 56D)
|
Batting: LHB Seung-chun Mun
|
0-0: Swinging Strike 0-1: Called Strike 0-2: Ball 1-2: Ball 2-2: Fielders Choice at 2nd, 4-6 (Groundball, 4)
|
Bottom of the 6th over - 0 run(s), 1 hit(s), 0 error(s), 0 left on base; Nassau 7 - New Orleans 0 |
TOP OF THE 7TH |
Nassau Rockets batting - Pitching for New Orleans Looters : RHP Robbie Daniel
|
Batting: LHB Wilson Allen
|
0-0: Ball 1-0: Foul Ball, location: 2F 1-1: Swinging Strike 1-2: Ball 2-2: Strikes out swinging
|
Batting: RHB Kenji Kudo
|
0-0: Called Strike 0-1: Ground out 6-3 (Groundball, 6)
|
Batting: LHB Doug Thompson
|
0-0: Called Strike 0-1: Ground out 1-3 (Groundball, 13S)
|
Top of the 7th over - 0 run(s), 0 hit(s), 0 error(s), 0 left on base; Nassau 7 - New Orleans 0 |
BOTTOM OF THE 7TH |
New Orleans Looters batting - Pitching for Nassau Rockets : LHP Luis Valentín
|
Batting: SHB Oliver Deleón
|
0-0: Ground out 4-3 (Groundball, 34)
|
Batting: RHB Stephen Shaw
|
0-0: Called Strike 0-1: Foul Ball, location: 2F 0-2: Ball 1-2: Foul Ball, location: 2F 1-2: Foul Ball, location: 2F 1-2: Ball 2-2: Fly out, F7 (Flyball, 7LM)
|
Batting: SHB Nate Rhodes
|
0-0: Ball 1-0: SINGLE (Line Drive, 8RS)
|
Batting: RHB Dave O'Loan
|
Pickoff Throw to First - Out!
|
Bottom of the 7th over - 0 run(s), 1 hit(s), 0 error(s), 0 left on base; Nassau 7 - New Orleans 0 |
TOP OF THE 8TH |
Nassau Rockets batting - Pitching for New Orleans Looters : RHP Robbie Daniel
|
Batting: RHB Salvador Borbón
|
0-0: SINGLE (Groundball, P) (infield hit)
|
Batting: LHB Bob Martin
|
0-0: Fly out, F3 (Line Drive, 34)
|
Batting: RHB Rubén Matos
|
0-0: Ball 1-0: Ball 2-0: Foul Ball, location: 2F 2-1: Called Strike 2-2: Foul Ball, location: 2F 2-2: Foul Ball, location: 2F 2-2: Ground out 4-3 (Groundball, 4S) Salvador Borbón to second
|
Batting: SHB Howard Parker
|
0-0: Ball 1-0: Foul Ball, location: 2F 1-1: Ground out U3 (Groundball, 34S)
|
Top of the 8th over - 0 run(s), 1 hit(s), 0 error(s), 1 left on base; Nassau 7 - New Orleans 0 |
BOTTOM OF THE 8TH |
New Orleans Looters batting - Pitching for Nassau Rockets : LHP Luis Valentín
|
Batting: RHB Dave O'Loan
|
0-0: Called Strike 0-1: Foul Ball, location: 2F 0-2: Strikes out swinging
|
Batting: RHB Run-ming Zhu
|
0-0: Ball 1-0: Ball 2-0: Called Strike 2-1: Swinging Strike 2-2: DOUBLE (Line Drive, 78D)
|
Batting: LHB Miguel Colón
|
0-0: SINGLE (Line Drive, 34D) Run-ming Zhu to third
|
Batting: SHB Arturo Sánchez
|
0-0: Ball 1-0: Swinging Strike 1-1: Ball 2-1: Swinging Strike 2-2: SINGLE (Flyball, 9LS) Run-ming Zhu scores Miguel Colón to second Runner from 2nd tries for 3rd, SAFE, no throw
|
Pitching: RHP Juan Franco
|
|
Batting: RHB Rubén Vázquez
|
0-0: Ground out 5-3 (Groundball, 56S) Miguel Colón scores Arturo Sánchez to second
|
Batting: LHB Seung-chun Mun
|
0-0: Swinging Strike 0-1: Ball 1-1: Ball 2-1: Fly out, F9 (Flyball, 9LS)
|
Bottom of the 8th over - 2 run(s), 3 hit(s), 0 error(s), 1 left on base; Nassau 7 - New Orleans 2 |
TOP OF THE 9TH |
Nassau Rockets batting - Pitching for New Orleans Looters : RHP Robbie Daniel
|
Batting: LHB Andrew Alvarado
|
0-0: Ball 1-0: Ball 2-0: Called Strike 2-1: Ball 3-1: Foul Ball, location: 2F 3-2: Base on Balls
|
Batting: LHB Don Ramey
|
0-0: Called Strike 0-1: Called Strike 0-2: Ball 1-2: Ball 2-2: Foul Ball, location: 2F 2-2: Fly out, F8 (Flyball, 8LS)
|
Batting: LHB Wilson Allen
|
0-0: Ball 1-0: Foul Ball, location: 2F 1-1: Swinging Strike 1-2: Foul Ball, location: 2F 1-2: Ball 2-2: Foul Ball, location: 2F 2-2: Strikes out swinging
|
Pitching: LHP Tadao Yoshida
|
|
Batting: RHB Kenji Kudo
|
0-0: Ball 1-0: Fielders Choice at 2nd, 4-6 (Groundball, 4)
|
Top of the 9th over - 0 run(s), 0 hit(s), 0 error(s), 0 left on base; Nassau 7 - New Orleans 2 |
BOTTOM OF THE 9TH |
New Orleans Looters batting - Pitching for Nassau Rockets : RHP Juan Franco
|
Batting: SHB Oliver Deleón
|
0-0: Called Strike 0-1: Foul Ball, location: 2F 0-2: Ball 1-2: Ball 2-2: Ball 3-2: Ground out 4-3 (Groundball, 34D)
|
Batting: RHB Stephen Shaw
|
0-0: Called Strike 0-1: Reached on error, E6 (Groundball, 6)
|
Batting: SHB Nate Rhodes
|
0-0: Ball 1-0: Ball 2-0: Ball 3-0: Base on Balls
|
Batting: RHB Dave O'Loan
|
0-0: Ball 1-0: Swinging Strike 1-1: Ball 2-1: Foul Ball, location: 2F 2-2: Fielders Choice at 2nd, 6-4 (Groundball, 6MD) Stephen Shaw to third
|
Batting: RHB Run-ming Zhu
|
0-0: Foul Ball, location: 2F 0-1: Ball 1-1: SINGLE (Line Drive, 8LS) Stephen Shaw scores Dave O'Loan to second
|
Pitching: RHP Guan-cai Yong
|
|
Batting: LHB Miguel Colón
|
0-0: Foul Ball, location: 2F 0-1: Foul Ball, location: 2F 0-2: Foul Ball, location: 2F 0-2: Strikes out swinging
|
Bottom of the 9th over - 1 run(s), 1 hit(s), 1 error(s), 2 left on base; Nassau 7 - New Orleans 3 |
|